 Dungeon Crawl Stone Soup version 0.27-a0-1122-g2a214b436d (webtiles) character file.

Game seed: 16887880321459626322

73 DasRunzen the Conjurer (level 3, 0/28 HPs)
             Began as a Demigod Conjurer on May 3, 2021.
             Slain by a phantom (7 damage)
             ... on level 3 of the Dungeon.
             The game lasted 00:04:31 (2786 turns).

DasRunzen the Conjurer (Demigod Conjurer)           Turns: 2786, Time: 00:04:31

Health: 0/28       AC:  3    Str: 12    XL:     3   Next: 83%
Magic:  3/9        EV: 16    Int: 20    God:
Gold:   74         SH:  0    Dex: 12    Spells: 0/6 levels left

rFire    . . .     SeeInvis .   c - +1 hand axe
rCold    . . .     Faith    .   (no shield)
rNeg     . . .     Spirit   .   a - +0 robe
rPois    .         Reflect  .   h - +0 helmet
rElec    .         Harm     .   (no cloak)
rCorr    .         Rampage  .   (no gloves)
Will     .....     Clarity  +   (no boots)
Stlth    ++........             (no amulet)
HPRegen  0.09/turn              e - +4 ring of evasion
MPRegen  0.11/turn              (no ring)

@: no status effects
A: high mp 1, forlorn, clarity
a: no special abilities


You were on level 3 of the Dungeon.
You visited 1 branch of the dungeon, and saw 3 of its levels.

You collected 74 gold pieces.

Inventory:

Hand Weapons
 c - a +1 hand axe (weapon)
Armour
 a - a +0 robe (worn)
 h - a +0 helmet (worn)
Magical Staves
 d - a staff of air
Jewellery
 e - a +4 ring of evasion (left hand)
 i - a ring of willpower
 l - a ring of flight
Scrolls
 b - a scroll of holy word
 f - 4 scrolls of identify
 k - a scroll of fog {unknown}
Potions
 g - a potion of curing
 j - a potion of flight {unknown}


   Skills:
 + Level 1.3 Fighting
 + Level 2.4 Dodging
 - Level 1.7 Stealth
 + Level 2.3 Spellcasting
 + Level 4.0 Conjurations
 + Level 0.3 Air Magic
 + Level 0.4 Poison Magic


You couldn't memorise any spells.
You knew the following spells:

 Your Spells              Type           Power      Damage    Failure   Level
a - Magic Dart            Conj           72%        1d6       3%          1
b - Searing Ray           Conj           36%        3d4       4%          2
c - Mephitic Cloud        Conj/Pois/Air  8%         N/A       24%         3

Your spell library contained the following spells:

 Spells                   Type           Power      Damage    Failure   Level
 Summon Small Mammal      Summ           8%         N/A       16%         1
 Dazzling Flash           Conj/Hex       20%        N/A       21%         3
 Call Imp                 Summ           2%         N/A       22%         2
 Call Canine Familiar     Summ           2%         N/A       41%         3
 Summon Guardian Golem    Hex/Summ       2%         N/A       41%         3
 Fulminant Prism          Conj/Hex       5%         3d7       54%         4
 Iskenderun's Mystic Bla  Conj/Tloc      10%        2d4       54%         4
 Summon Lightning Spire   Summ/Air       3%         N/A       80%         4
 Summon Ice Beast         Ice/Summ       2%         N/A       83%         4
 Summon Forest            Summ/Tloc      1%         N/A       99%         5
 Freezing Cloud           Conj/Ice/Air   4%         6-21      100%        6


Dungeon Overview and Level Annotations

Branches:
Dungeon (3/15)

Shops:
D:3 ?


Innate Abilities, Weirdness & Mutations

Your attributes grow dramatically as you level up.
You have an increased reservoir of magic. (+10% MP)
You shall have no god before yourself.
You possess an exceptional clarity of mind.


Message History

The phantom is lightly damaged.
A dart slug comes into view.
Casting: Magic Dart (safe; 3% risk of failure)
Confirm with . or Enter, or press ? or * to list all spells.
Aiming: Magic Dart (safe; 3% risk of failure)
Press: ? - help, Shift-Dir - straight line, f/p - phantom
Aim: a phantom (lightly damaged, 100% to hit)
The magic dart hits the phantom.
The phantom is lightly damaged.
Casting: Magic Dart (safe; 3% risk of failure)
Confirm with . or Enter, or press ? or * to list all spells.
Aiming: Searing Ray (safe; 4% risk of failure)
Press: ? - help, Shift-Dir - straight line, f/p - phantom
Aim: a phantom (lightly damaged, 69% to hit)
The searing ray misses the phantom. (Press . to maintain the ray.)
The searing ray hits the phantom.
The phantom is moderately damaged.
The searing ray hits the phantom!
The phantom is heavily damaged.
The phantom hits you.
The phantom blinks!
You blink.
A ball python and a jackal come into view.
The phantom barely misses you.
The ball python hisses angrily.
You hit the phantom.
The phantom is heavily damaged.
The phantom hits you.
You hit the phantom.
The phantom is severely damaged.
You hit the dart slug. The phantom hits you!
The phantom blinks!
You blink.
The dart slug barely misses you. The ball python bites you.
The ball python closely misses you. The ball python closely misses you. x2
The ball python closely misses you. The ball python barely misses you.
You barely miss the phantom.
The phantom is severely damaged.
The phantom hits you.
* * * LOW HITPOINT WARNING * * *
The phantom blinks!
You blink.
The phantom hits you!
You die...

# ######...... # ####...... #
#......... #############
########.##....## #)..#..'.##..#
#.§#..'...#.####
###...##..##...##§##.###..#.#
#.##..#..#.##..#h.#..#..###.#
#....###..#.##.wS##.###..##.#
###..#.....#.##.@#..#..####.#
#.#.###..#..#.##W..###..#.#.#
#...#..##.#..#.##..#..###.#.#
##.###..##.#..#.#####..#..#.#
#[.#..#####.#..#.##..###.##.#
#)###..#..##.#..#.##..#.†.#.#
#.#..###.†.##.#..#..###.#.#.#
####..#..#..##.#.....#.)###.#####
##..###.##...##.#..###....#......


You could see a phantom, a dart slug, a jackal and a ball python.

Vanquished Creatures
  2 adders
  A worm (D:2)
  2 ball pythons
  3 bats
  4 endoplasms
  3 giant cockroaches
  5 goblins
  5 hobgoblins
  2 jackals (D:2)
  3 quokkas
  4 frilled lizards
  6 kobolds
  7 rats
47 creatures vanquished.

Vanquished Creatures (others)
  7 fungi (D:3)
  A plant (D:3)
8 creatures vanquished.

Grand Total: 55 creatures vanquished

Notes
Turn   | Place    | Note
-------+----------+-------------------------------------------
     0 | D:1      | DasRunzen the Demigod Conjurer began the quest for the Orb.
     0 | D:1      | Reached XP level 1. HP: 14/14 MP: 5/5
   778 | D:2      | Reached XP level 2. HP: 19/22 MP: 5/7
   781 | D:2      | Learned a level 2 spell: Searing Ray
  1358 | D:2      | Reached skill level 1 in Fighting
  1358 | D:2      | Reached XP level 3. HP: 28/28 MP: 4/8
  1397 | D:2      | Identified the Disquisition on Cloudy Orientation
  1403 | D:2      | Learned a level 3 spell: Mephitic Cloud
  1781 | D:2      | Gained mutation: You possess an exceptional clarity of
                  | mind. [potion of mutation]
  1795 | D:3      | Found Jutaurph's Magic Scroll Boutique.
  2620 | D:3      | Reached skill level 4 in Conjurations
  2771 | D:3      | Noticed a phantom
  2786 | D:3      | Slain by a phantom

Illustrated notes

Levels and vault maps discovered:
D:1:      co_arrival_two_rings, layout_loops_ring,
          ebering_ecumenical_altar_rust, st_stairs_6
D:2:      layout_rooms, grunt_ministairs_13
D:3:      minmay_razor_zed, layout_basic, fedhas_altar_3, serial_shops, shop

Skill      XL: |  1  2  3 |
---------------+----------+-----
Dodging        | 2 |  2.4
Spellcasting   | 2 |  2.3
Fighting       | 1 |  1.3
Conjurations   | 4 |  4.0
Stealth        | |  1.7
Air Magic      | |  0.3
Poison Magic   | |  0.4

Action                   || total
-------------------------++-------
Melee: Hand axe          ||    14
 Cast: Magic Dart        ||    80
       Searing Ray       ||     2
  Use: Scroll            ||     7
       Potion            ||     1
Armor: Robe              ||     4
Dodge: Dodged            ||    47

Table legend: (Time is in decaauts)
 A = Elapsed time spent in this place.
 B = Non-inter-level travel time spent in this place.
 C = Inter-level travel time spent in this place.
 D = Time resting spent in this place.
 E = Time spent auto-exploring this place.
 F = Levels seen in this place.
 G = Mean time per level.
                   A        B        C        D        E       F      G
               +--------+--------+--------+--------+--------+-----+--------+
         Total |   2789 |   2758 |     31 |    104 |   2366 |   3 |  929.7 |
       Dungeon |   2789 |   2758 |     31 |    104 |   2366 |   3 |  929.7 |
               +--------+--------+--------+--------+--------+-----+--------+

Top non-repeatable levels by time:
     D:2: 1026 daAuts
     D:3: 991 daAuts
     D:1: 771 daAuts
